BSA
AUSTIN RIVER SHARKS @ ORLANDO CALRISSIAN
09/01/2028
 
TOP OF THE 1ST
Austin River Sharks batting - Pitching for Orlando Calrissian : LHP Mark Collins
Pitching: LHP Mark Collins
Batting: RHB Todd Bryant 0-0: Called Strike
0-1: Ball
1-1: Foul Ball, location: 2F
1-2: Ground out 5-3 (Groundball, 56S)
Batting: RHB Richard Coker 0-0: Ball
1-0: Swinging Strike
1-1: Foul Ball, location: 2F
1-2: Ball
2-2: Foul Ball, location: 2F
2-2: Ball
3-2: Strikes out swinging
Batting: LHB Greg Nelson 0-0: Foul Ball, location: 2F
0-1: Foul Ball, location: 2F
0-2: Strikes out looking
Top of the 1st over - 0 run(s), 0 hit(s), 0 error(s), 0 left on base; Austin 0 - Orlando 0
BOTTOM OF THE 1ST
Orlando Calrissian batting - Pitching for Austin River Sharks : RHP Carlos Hernández
Pitching: RHP Carlos Hernández
Batting: RHB José Pérez 0-0: SINGLE (Groundball, 3S) (infield hit)
Batting: LHB Santiago Márquez 0-0: Ball
1-0: Foul Ball, location: 2F
1-1: Ball
2-1: Foul Ball, location: 2F
2-2: Fielders Choice at 2nd, 1-4 (Groundball, 15S)
Batting: RHB Rich Anderson 0-0: Called Strike
0-1: Ball
1-1: Ball
2-1: Fly out, F7 (Flyball, 78M)
Batting: RHB Raúl Canó 0-0: Ball
1-0: 2-RUN HOME RUN (Flyball, 78XD), Distance : 409 ft
Batting: SHB Tim Abbott 0-0: Ball
1-0: Fly out, F8 (Flyball, 78M)
Bottom of the 1st over - 2 run(s), 2 hit(s), 0 error(s), 0 left on base; Austin 0 - Orlando 2
TOP OF THE 2ND
Austin River Sharks batting - Pitching for Orlando Calrissian : LHP Mark Collins
Batting: RHB Pedro Guzmán 0-0: Called Strike
0-1: Foul Ball, location: 2F
0-2: Ball
1-2: Ground out 5-3 (Groundball, 56)
Batting: RHB Manny Copriviza 0-0: Ball
1-0: Called Strike
1-1: Foul Ball, location: 2F
1-2: Foul Ball, location: 2F
1-2: Ball
2-2: Ball
3-2: Strikes out swinging
Batting: RHB Dexter Potter 0-0: Ball
1-0: Called Strike
1-1: Swinging Strike
1-2: Ball
2-2: Foul Ball, location: 2F
2-2: Ground out 5-3 (Groundball, 56)
Top of the 2nd over - 0 run(s), 0 hit(s), 0 error(s), 0 left on base; Austin 0 - Orlando 2
BOTTOM OF THE 2ND
Orlando Calrissian batting - Pitching for Austin River Sharks : RHP Carlos Hernández
Batting: RHB Frederico Hernández 0-0: SINGLE (Line Drive, 6M)
Batting: RHB Júlio Negrón 0-0: Fly out, F7 (Flyball, 78D)
Batting: SHB Jaime Montés 0-0: Ball
1-0: Called Strike
1-1: Ground out U3 (Groundball, 3L)
Frederico Hernández to second
Batting: SHB Brian Price 0-0: Fly out, F7 (Flyball, 78M)
Bottom of the 2nd over - 0 run(s), 1 hit(s), 0 error(s), 1 left on base; Austin 0 - Orlando 2
TOP OF THE 3RD
Austin River Sharks batting - Pitching for Orlando Calrissian : LHP Mark Collins
Batting: LHB Enrico Vargas 0-0: Called Strike
0-1: Swinging Strike
0-2: Strikes out looking
Batting: RHB Carlos Guzmán 0-0: Called Strike
0-1: Ball
1-1: Fly out, F6 (Line Drive, 6M)
Batting: RHB Teddy Bates 0-0: Ball
1-0: Called Strike
1-1: Ground out 6-3 (Groundball, 6)
Top of the 3rd over - 0 run(s), 0 hit(s), 0 error(s), 0 left on base; Austin 0 - Orlando 2
BOTTOM OF THE 3RD
Orlando Calrissian batting - Pitching for Austin River Sharks : RHP Carlos Hernández
Batting: RHB José Pérez 0-0: Ball
1-0: Called Strike
1-1: Swinging Strike
1-2: Ball
2-2: Ball
3-2: Ground out 2-3 (Groundball, 15S)
Batting: LHB Santiago Márquez 0-0: Called Strike
0-1: Foul Ball, location: 2F
0-2: Ball
1-2: SINGLE (Line Drive, 78S)
Batting: RHB Rich Anderson 0-0: Ball
1-0: Called Strike
1-1: Foul Ball, location: 2F
1-2: Ball
2-2: Ball
3-2: Grounds into double play, 6-4-3 (Groundball, 6)
Bottom of the 3rd over - 0 run(s), 1 hit(s), 0 error(s), 0 left on base; Austin 0 - Orlando 2
TOP OF THE 4TH
Austin River Sharks batting - Pitching for Orlando Calrissian : LHP Mark Collins
Batting: RHB Todd Bryant 0-0: Called Strike
0-1: Swinging Strike
0-2: Fly out, F9 (Flyball, 9S)
Batting: RHB Richard Coker 0-0: Ball
1-0: Swinging Strike
1-1: Foul Ball, location: 2F
1-2: Foul Ball, location: 2F
1-2: Strikes out looking
Batting: LHB Greg Nelson 0-0: Ball
1-0: Foul Ball, location: 2F
1-1: Foul Ball, location: 2F
1-2: Ball
2-2: Strikes out swinging
Top of the 4th over - 0 run(s), 0 hit(s), 0 error(s), 0 left on base; Austin 0 - Orlando 2
BOTTOM OF THE 4TH
Orlando Calrissian batting - Pitching for Austin River Sharks : RHP Carlos Hernández
Batting: RHB Raúl Canó 0-0: SINGLE (Line Drive, 7LM)
Batting: SHB Tim Abbott 0-0: Foul Ball, location: 2F
0-1: 2-RUN HOME RUN (Flyball, 8LXD), Distance : 409 ft
Batting: RHB Frederico Hernández 0-0: Ball
1-0: Called Strike
1-1: SINGLE (Groundball, 56D)
Batting: RHB Júlio Negrón 0-0: SINGLE (Groundball, 6MD)
Frederico Hernández to second
Batting: SHB Jaime Montés 0-0: Ball
1-0: Swinging Strike
1-1: Foul Ball, location: 2F
1-2: Foul Ball, location: 2F
1-2: Ball
2-2: DOUBLE (Groundball, 5L)
Frederico Hernández scores
Júlio Negrón to third
Batting: SHB Brian Price 0-0: Ground out U3 (Groundball, 34S)
Júlio Negrón scores
Jaime Montés to third
Batting: RHB José Pérez 0-0: Ball
1-0: Ball
2-0: Foul Ball, location: 2F
2-1: Ground out 6-3 (Groundball, 6)
Jaime Montés scores
Batting: LHB Santiago Márquez 0-0: Foul Ball, location: 2F
0-1: Ball
1-1: Ball
2-1: Ground out 1-3 (Groundball, 13S)
Bottom of the 4th over - 5 run(s), 5 hit(s), 0 error(s), 0 left on base; Austin 0 - Orlando 7
TOP OF THE 5TH
Austin River Sharks batting - Pitching for Orlando Calrissian : LHP Mark Collins
Batting: RHB Pedro Guzmán 0-0: Called Strike
0-1: Ball
1-1: Foul Ball, location: 2F
1-2: Foul Ball, location: 2F
1-2: Strikes out swinging
Batting: RHB Manny Copriviza 0-0: Foul Ball, location: 2F
0-1: Foul Ball, location: 2F
0-2: Ground out 5-3 (Groundball, 56S)
Batting: RHB Dexter Potter 0-0: Ground out 5-3 (Groundball, 56)
Top of the 5th over - 0 run(s), 0 hit(s), 0 error(s), 0 left on base; Austin 0 - Orlando 7
BOTTOM OF THE 5TH
Orlando Calrissian batting - Pitching for Austin River Sharks : RHP Carlos Hernández
Pitching: RHP Tatsuzo Harada
Batting: RHB Rich Anderson 0-0: Ball
1-0: Ball
2-0: Ball
3-0: Fly out, F8 (Flyball, 8LD)
Batting: RHB Raúl Canó 0-0: Called Strike
0-1: Fly out, F9 (Line Drive, 89D)
Batting: SHB Tim Abbott 0-0: Called Strike
0-1: Ball
1-1: Called Strike
1-2: Foul Ball, location: 2F
1-2: SOLO HOME RUN (Flyball, 9LD), Distance : 360 ft
Batting: RHB Frederico Hernández 0-0: Ball
1-0: Swinging Strike
1-1: Ball
2-1: Ball
3-1: Fly out, F6 (Popup, 6D)
Bottom of the 5th over - 1 run(s), 1 hit(s), 0 error(s), 0 left on base; Austin 0 - Orlando 8
TOP OF THE 6TH
Austin River Sharks batting - Pitching for Orlando Calrissian : LHP Mark Collins
Batting: LHB Enrico Vargas 0-0: Foul Ball, location: 2F
0-1: Called Strike
0-2: Strikes out looking
Batting: RHB Carlos Guzmán 0-0: Ground out 5-3 (Groundball, 56S)
Batting: RHB Teddy Bates 0-0: Fly out, F8 (Flyball, 8RM)
Top of the 6th over - 0 run(s), 0 hit(s), 0 error(s), 0 left on base; Austin 0 - Orlando 8
BOTTOM OF THE 6TH
Orlando Calrissian batting - Pitching for Austin River Sharks : RHP Tatsuzo Harada
Batting: RHB Júlio Negrón 0-0: Ball
1-0: Called Strike
1-1: Foul Ball, location: 2F
1-2: Strikes out swinging
Batting: SHB Jaime Montés 0-0: Ball
1-0: Ball
2-0: Ball
3-0: Base on Balls
Batting: SHB Brian Price 0-0: Fly out, F7 (Line Drive, 7)
Batting: RHB José Pérez 0-0: Ball
1-0: Ball
2-0: Fly out, F8 (Flyball, 8RM)
Bottom of the 6th over - 0 run(s), 0 hit(s), 0 error(s), 1 left on base; Austin 0 - Orlando 8
TOP OF THE 7TH
Austin River Sharks batting - Pitching for Orlando Calrissian : LHP Mark Collins
Batting: RHB Todd Bryant 0-0: Ball
1-0: Foul Ball, location: 2F
1-1: Fly out, F8 (Flyball, 8RD)
Batting: RHB Richard Coker 0-0: Called Strike
0-1: Ball
1-1: Ball
2-1: Foul Ball, location: 2F
2-2: Ball
3-2: Foul Ball, location: 2F
3-2: Strikes out swinging
Batting: LHB Greg Nelson 0-0: Ball
1-0: Ball
2-0: Called Strike
2-1: Ball
3-1: Base on Balls
Batting: RHB Pedro Guzmán 0-0: Called Strike
0-1: DOUBLE (Groundball, 5L)
Greg Nelson to third
Runner from 3rd tries for Home, SAFE, no throw
Batting: RHB Manny Copriviza 0-0: Foul Ball, location: 2F
0-1: Foul Ball, location: 2F
0-2: Ball
1-2: Ball
2-2: Foul Ball, location: 2F
2-2: Foul Ball, location: 2F
2-2: Ball
3-2: Foul Ball, location: 2F
3-2: SINGLE (Line Drive, 4MD)
Pedro Guzmán to third
Pedro Guzmán scores
Batting: RHB Dexter Potter 0-0: SINGLE (Flyball, 8RS)
Manny Copriviza to second
Batting: LHB Enrico Vargas 0-0: Swinging Strike
0-1: Ball
1-1: Swinging Strike
1-2: Ball
2-2: Ball
3-2: Strikes out looking
Top of the 7th over - 2 run(s), 3 hit(s), 0 error(s), 2 left on base; Austin 2 - Orlando 8
BOTTOM OF THE 7TH
Orlando Calrissian batting - Pitching for Austin River Sharks : RHP Tatsuzo Harada
Batting: LHB Santiago Márquez 0-0: Called Strike
0-1: SINGLE (Groundball, 4MD)
Batting: RHB Rich Anderson 0-0: Ball
1-0: Called Strike
1-1: Swinging Strike
1-2: Strikes out looking
Batting: RHB Raúl Canó 0-0: Ball
1-0: Ball
2-0: Ball
3-0: Called Strike
3-1: Foul Ball, location: 2F
3-2: Strikes out swinging
Batting: SHB Tim Abbott 0-0: Ball
1-0: Called Strike
1-1: Ball
2-1: Swinging Strike
2-2: Strikes out swinging
Bottom of the 7th over - 0 run(s), 1 hit(s), 0 error(s), 1 left on base; Austin 2 - Orlando 8
TOP OF THE 8TH
Austin River Sharks batting - Pitching for Orlando Calrissian : LHP Mark Collins
Batting: RHB Carlos Guzmán 0-0: Ball
1-0: Foul Ball, location: 2F
1-1: Reached on error, E6 (Groundball, 6)
Batting: RHB Teddy Bates 0-0: Foul Ball, location: 2F
0-1: Called Strike
0-2: Ball
1-2: Grounds into double play, 4-6-3 (Groundball, 4)
Batting: RHB Todd Bryant 0-0: Called Strike
0-1: Ball
1-1: Ball
2-1: Swinging Strike
2-2: Foul Ball, location: 2F
2-2: Ball
3-2: Foul Ball, location: 2F
3-2: Base on Balls
Pitching: RHP Will Huggins
Batting: RHB Richard Coker 0-0: Ball
1-0: Foul Ball, location: 2F
1-1: Foul Ball, location: 2F
1-2: Ball
2-2: Ball
3-2: Foul Ball, location: 2F
3-2: Ground out 6-3 (Groundball, 6S)
Top of the 8th over - 0 run(s), 0 hit(s), 1 error(s), 1 left on base; Austin 2 - Orlando 8
BOTTOM OF THE 8TH
Orlando Calrissian batting - Pitching for Austin River Sharks : RHP Tatsuzo Harada
Batting: RHB Frederico Hernández 0-0: Called Strike
0-1: Ball
1-1: Foul Ball, location: 2F
1-2: Ball
2-2: Strikes out swinging
Batting: RHB Júlio Negrón 0-0: Ball
1-0: Swinging Strike
1-1: Ball
2-1: Foul Ball, location: 2F
2-2: DOUBLE (Flyball, 9D)
Pitching: RHP Luis Trujillo
Batting: SHB Jaime Montés 0-0: Called Strike
0-1: Swinging Strike
0-2: Ball
1-2: Ball
2-2: Ball
3-2: Foul Ball, location: 2F
3-2: Foul Ball, location: 2F
3-2: SINGLE (Flyball, 7LS)
Júlio Negrón to third
Batting: SHB Brian Price 0-0: Ball
1-0: Swinging Strike
1-1: Ball
2-1: Ball
3-1: SINGLE (Line Drive, 8RS)
Júlio Negrón scores
Jaime Montés to second
Batting: RHB José Pérez 0-0: Ball
1-0: Called Strike
1-1: Reached on error, E6 (Groundball, 6)
Jaime Montés to third
Brian Price to second
Batting: LHB Santiago Márquez 0-0: Called Strike
0-1: Foul Ball, location: 2F
0-2: Ball
1-2: DOUBLE (Line Drive, 78D)
Jaime Montés scores
Brian Price scores
José Pérez to third
Batting: RHB Rich Anderson 0-0: Ball
1-0: DOUBLE (Line Drive, 7LD)
José Pérez scores
Santiago Márquez scores
Pitching: LHP António Bueno
Batting: RHB Raúl Canó 0-0: Foul Ball, location: 2F
0-1: Ball
1-1: Swinging Strike
1-2: Ball
2-2: Strikes out swinging
Batting: SHB Tim Abbott 0-0: Ball
1-0: Ball
2-0: Called Strike
2-1: Ball
3-1: Foul Ball, location: 2F
3-2: Fly out, F4 (Popup, 4MD)
Bottom of the 8th over - 5 run(s), 5 hit(s), 1 error(s), 1 left on base; Austin 2 - Orlando 13
TOP OF THE 9TH
Austin River Sharks batting - Pitching for Orlando Calrissian : RHP Will Huggins
Batting: LHB Greg Nelson 0-0: Ball
1-0: Ball
2-0: Ball
3-0: Called Strike
3-1: Base on Balls
Batting: RHB Pedro Guzmán 0-0: Called Strike
0-1: Foul Ball, location: 2F
0-2: Ball
1-2: Fly out, F9 (Flyball, 9S)
Batting: RHB Manny Copriviza 0-0: Foul Ball, location: 2F
0-1: Grounds into double play, 6-4-3 (Groundball, 6M)
Top of the 9th over - 0 run(s), 0 hit(s), 0 error(s), 0 left on base; Austin 2 - Orlando 13
Tuesday, August 8th, 2017 - OOTP Baseball 17.12 Build 75